AoeStats
← RedPhosphoru

Arabia

509495241Analyzed
1v1 RM · 5d ago on Sep 27, 2026· 21m 37s· 2 players
Game mode
Random Map
Map size
Tiny (2 player)
Population
200
Speed
Normal
Resources
Standard
Victory
Conquest
Starting age
Dark Age
Ending age
Imperial Age
RankedLock teamsTeams togetherTeam positionsShared explorationLock speedFull tech treeHidden civsTurbo modeCheats
Victory
Defeat
🇺🇸 Wu · United States
2433
+1
🇧🇷 Saxons · Brazil
1762
-1
RedPhosphoru
9:22 Loom
11:54 Feudal Age
11:58 Man-at-Arms
12:28 Double-Bit Axe
13:53 Arson
18:48 Wheelbarrow
21:46 Castle Age
21:06 Bloodlines
SupeR_Maxmoll
6:35 Loom
13:52 Feudal Age
14:21 Man-at-Arms
17:38 Wheelbarrow
17:50 Double-Bit Axe
Connection lost

Rejoining the realm…

Still unreachable

The connection could not be restored.

Session expired

The server has moved on; the page needs a fresh start.